Kradschützen Motorcycle Team
Construct Light Support Kompanie
Construct Mechanized Kompanie
254 Reconnaissance Tractor
Pak 38 Anti-tank Gun Team
Selects Battlefield Espionage Battlegroup
Selects 250/3 Funkpanzerwagen
Selects Anti-Tank Incendiary Munitions
Selects Operation Skorpion
Marder III Tank Destroyer
Construct Panzerarmee Kommand
254 Reconnaissance Tractor
Marder III Tank Destroyer
Flak 36 Anti-tank Gun Team